 Dungeon Crawl Stone Soup version 0.27-a0-385-g3208abaabc (webtiles) character file.

Game seed: 14922328342327449012

969 tilp the Insei (level 8, -1/55 HPs)
             Began as an Octopode Transmuter on Feb 19, 2021.
             Slain by a sky beast (5 damage)
             ... on level 6 of the Dungeon.
             The game lasted 00:09:19 (7865 turns).

tilp the Insei (Octopode Transmuter)                Turns: 7865, Time: 00:09:20

Health: -1/55      AC:  1    Str:  9    XL:     8   Next: 16%
Magic:  11/11      EV: 14    Int: 18    God:
Gold:   238        SH:  0    Dex: 12    Spells: 8/11 levels left

rFire    . . .     SeeInvis .     - Unarmed
rCold    . . .     Faith    .   (no shield)
rNeg     . . .     Spirit   .   (helmet currently unavailable)
rPois    .         Reflect  .   (no amulet)
rElec    .         Harm     .   l - ring of resist corrosion
rCorr    +         Rampage  .   (no ring)
Will     .....                  (no ring)
Stlth    +++.......             (no ring)
HPRegen  0.18/turn              (no ring)
MPRegen  0.12/turn              (no ring)
                                (no ring)
                                (no ring)

@: appendages
A: almost no armour, stealthy swim, amphibious, 8 rings, constrict 8, tentacle
spike 3, camouflage 1, gelatinous body 1
a: End Transformation


You were on level 6 of the Dungeon.
One of your tentacles had a temporary spike.
You visited 1 branch of the dungeon, and saw 6 of its levels.
You also visited: Sewer.

You collected 238 gold pieces.

Inventory:

Missiles
 c - 133 stones
 g - 16 poisoned darts (quivered)
 p - a curare-tipped dart {!f}
Armour
 i - a +0 kite shield
Jewellery
 l - a ring of resist corrosion (left tentacle)
Wands
 s - a wand of charming (7)
Scrolls
 a - a scroll of magic mapping
 b - a scroll of fog
 m - 2 scrolls of teleportation
 n - a scroll of enchant armour {unknown}
 q - 2 scrolls of amnesia
 t - 2 scrolls of enchant weapon {unknown}
Potions
 d - 2 potions of magic
 e - 6 potions of curing
 f - a potion of cancellation
 h - a potion of might
 j - 4 potions of mutation
 k - a potion of haste
 o - 5 potions of flight
 u - a potion of resistance
 v - a potion of ambrosia


   Skills:
 + Level 5.1 Fighting
 + Level 3.7 Dodging
 - Level 4.0 Stealth
 + Level 6.8 Unarmed Combat
 - Level 2.0 Spellcasting
 - Level 2.0 Transmutations


You had 8 spell levels left.
You knew the following spells:

 Your Spells              Type           Power        Failure   Level
a - Beastly Appendage     Tmut           18%          8%          1
b - Wereblood             Tmut           9%           12%         2

Your spell library contained the following spells:

 Spells                   Type           Power        Failure   Level
 Spider Form              Tmut/Pois      2%           34%         3
 Ice Form                 Ice/Tmut       5%           75%         4
 Blade Hands              Tmut           4%           91%         5


Dungeon Overview and Level Annotations

Branches:
Dungeon (6/15)              Sewer (visited)
 Temple: D:4-7

Altars:
Ashenzari
Elyvilon
Kikubaaqudgha
Nemelex Xobeh
Vehumet
Wu Jian
Xom
Zin
The Shining One

Annotations:
D:1 steam vault !?
D:3 Grinder
D:4 2 runed translucent doors, exclusion: quokka, Crazy Yiuf; Edmund; Inkie's ghost, novice BaIE


Innate Abilities, Weirdness & Mutations

You cannot wear most types of armour.
You are very stealthy in the water. (Stealth+)
You are amphibious.
You can wear up to eight rings at the same time.
You can use your tentacles to constrict eight enemies at once.
Your skin changes colour to match your surroundings (Stealth+).
Your rubbery body absorbs attacks. (AC +1, EV +1)
One of your tentacles bears a large vicious spike.


Message History

The sky beast is lightly wounded.
Throw: 17 darts (poison)
Press: ? - help, Q - select action, (/) - cycle Shift-Dir - straight line, f/p - sky beast
Aim: a sky beast (lightly wounded, poisoned, 48% to hit)
You throw a poisoned dart. The poisoned dart hits the sky beast.
The sky beast looks even sicker.
The sky beast is lightly wounded.
The sky beast flickers out of sight!
Deactivating autopickup; reactivate with Ctrl-A.
Your tentacle spike disappears.
You start waiting.
Something hits you. Something shocks you.
Casting: Beastly Appendage (safe; 8% risk of failure)
Confirm with . or Enter, or press ? or * to list all spells.
One of your tentacles grows a vicious spike.
Something hits you. Something shocks you.
You barely miss something. Something hits you. Something shocks you.
You completely miss something. Something hits you. Something shocks you.
You tentacle-slap something. Something completely misses you.
You miss something.
You pierce something.
Something hits you.
* * * LOW HITPOINT WARNING * * *
Something shocks you.
* * * LOW HITPOINT WARNING * * *
You miss something.
A sky beast appears from thin air!
Reactivating autopickup.
The sky beast hits you.
* * * LOW HITPOINT WARNING * * *
The sky beast shocks you.
* * * LOW HITPOINT WARNING * * *
You closely miss the sky beast. You squeeze the sky beast.
The sky beast is heavily wounded.
The sky beast completely misses you.
You tentacle-slap the sky beast.
The sky beast is heavily wounded.
You miss the sky beast.
The sky beast is heavily wounded.
The sky beast hits you.
* * * LOW HITPOINT WARNING * * *
The sky beast shocks you.
You die...

####...................#.#.#
##(##..# ..................#
...#...###............._...#
##.รท....##........###..8...#
#......###.##....## #.._..##
##......##........# #.....#
......).#....#....# #######
#............#.#Y##
.............###@.####
........##....#....#.#
....#..###...........##
#...##..........##....##
....[.#........##......#
..###.................##
.##..............#..###
.....#.......#####.##
##...#.......# ###


You could see a sky beast.

Vanquished Creatures
  An ogre (D:4)
  A centaur (D:6)
  A kobold brigand (Sewer)
  2 bullfrogs (D:6)
  A bullfrog zombie (D:5)
  2 hounds
  An orc priest (D:6)
  2 iguanas
  2 orc wizards
  4 worker ants
  3 hound skeletons
  A worker ant zombie (D:5)
  4 adders
  A river rat (Sewer)
  2 white imps
  An ufetubus (D:6)
  An ooze (D:2)
  An adder zombie (D:5)
  2 adder skeletons
  2 worms
  2 dart slugs (D:2)
  4 leopard geckos
  20 orcs
  9 giant cockroaches
  10 goblins
  4 hobgoblins
  17 jackals
  10 kobolds
  4 quokkas
  A ball python (D:2)
  8 bats
  4 frilled lizards
  A giant cockroach zombie (D:5)
  A quokka skeleton (D:4)
  14 rats
144 creatures vanquished.

Notes
Turn   | Place    | Note
-------+----------+-------------------------------------------
     0 | D:1      | tilp the Octopode Transmuter began the quest for the Orb.
     0 | D:1      | Reached XP level 1. HP: 13/13 MP: 3/3
    65 | D:1      | Reached skill level 1 in Stealth
   147 | D:1      | Reached XP level 2. HP: 13/18 MP: 5/5
   150 | D:1      | Learned a level 2 spell: Wereblood
   821 | D:2      | Found a radiant altar of Vehumet.
   822 | D:2      | Found a broken altar of Ashenzari.
   822 | D:2      | Found a white marble altar of Elyvilon.
   861 | D:2      | Reached XP level 3. HP: 23/23 MP: 6/6
  1903 | D:2      | Reached XP level 4. HP: 28/28 MP: 7/7
  2101 | D:2      | Found a glowing silver altar of Zin.
  2438 | D:3      | Found a glowing drain.
  2460 | Sewer    | Entered a sewer
  2647 | Sewer    | Noticed a kobold brigand
  2686 | Sewer    | Killed a kobold brigand
  2687 | Sewer    | Reached skill level 4 in Unarmed Combat
  2687 | Sewer    | Reached XP level 5. HP: 2/35 MP: 6/8
  3376 | Sewer    | Found a glowing silver altar of Zin.
  3433 | D:3      | Found an ornate altar of the Wu Jian Council.
  3837 | D:3      | Found a glowing golden altar of the Shining One.
  3838 | D:3      | Noticed Grinder
  4246 | D:4      | Found a runed translucent door.
  4313 | D:4      | Found a sparkling altar of Nemelex Xobeh.
  4327 | D:4      | Reached skill level 5 in Unarmed Combat
  4327 | D:4      | Reached XP level 6. HP: 41/41 MP: 7/9
  4507 | D:4      | Noticed Edmund
  4795 | D:4      | Noticed Inkie's ghost (novice BaIE)
  5034 | D:4      | Found a runed translucent door.
  5035 | D:4      | Noticed Crazy Yiuf
  5320 | D:5      | Entered Level 5 of the Dungeon
  5394 | D:5      | Reached skill level 6 in Unarmed Combat
  5397 | D:5      | Reached XP level 7. HP: 24/46 MP: 8/10
  7068 | D:6      | HP: 1/49 [orc priest/+0 flail (3)]
  7307 | D:6      | Found Roqub's Armour Boutique.
  7330 | D:6      | Reached XP level 8. HP: 51/54 MP: 9/11
  7346 | D:6      | Reached skill level 5 in Fighting
  7816 | D:6      | Found an ancient bone altar of Kikubaaqudgha.
  7818 | D:6      | Found a shimmering altar of Xom.
  7865 | D:6      | Slain by a sky beast

Illustrated notes

Levels and vault maps discovered:
D:1:      scummos_arrival_gate, layout_basic, corexii_corridor_pit,
          lemuel_another_geyser
D:2:      layout_loops_ring, lemuel_coloured_pillars_altar, minitemple
D:3:      layout_basic, overflow_temple_1_default, tso_metal_star,
          gup_sewer_entry_pipe, uniq_grinder
D:4:      layout_gridville, serial_rivers, chequers_serial_rivers_micro_d,
          chequers_serial_rivers_micro_a, chequers_serial_rivers_micro_d,
          chequers_serial_rivers_small_3, chequers_serial_rivers_room_a,
          chequers_serial_rivers_micro_c, ebering_ghost_inner_flame,
          nemelex_xobeh_ov_fountains_minmay, uniq_crazy_yiuf_cottage,
          uniq_edmund
D:5:      layout_rooms, dk_rats_in_the_wall
D:6:      layout_cave_pools, chequers_temple_overflow_statue_of_worship,
          serial_shops, shop, feat_on_display

Skill      XL: |  1  2  3  4  5  6  7  8 |
---------------+-------------------------+-----
Stealth        | 2 3 4 |  4.0
Fighting       | 2 3 4 5 |  5.1
Unarmed Combat | 4 5 6 |  6.8
Dodging        | 3 |  3.7
Spellcasting   | |  2.0
Transmutations | |  2.0

Action                   |  1- 3 |  4- 6 |  7- 9 || total
-------------------------+-------+-------+-------++-------
Melee: Unarmed           |    79 |   156 |   127 ||   362
       Constrict         |    24 |    40 |    30 ||    94
       Tentacles         |    17 |    17 |    21 ||    55
       Kick              |     7 |    17 |    33 ||    57
       Punch             |     3 |     5 |     5 ||    13
Throw: Stone             |     2 |     3 |       ||     5
       Dart              |       |    10 |    12 ||    22
 Cast: Beastly Appendage |     4 |    14 |    15 ||    33
       Wereblood         |     1 |     7 |     3 ||    11
Evoke: Wand              |       |       |     2 ||     2
  Use: Scroll            |       |    12 |     2 ||    14
       Potion            |       |       |     1 ||     1
 Stab: Sleeping          |     9 |    12 |     5 ||    26
Armor: Skin              |     6 |    10 |     2 ||    18
Dodge: Dodged            |    35 |    78 |    60 ||   173

Table legend: (Time is in decaauts)
 A = Elapsed time spent in this place.
 B = Non-inter-level travel time spent in this place.
 C = Inter-level travel time spent in this place.
 D = Time resting spent in this place.
 E = Time spent auto-exploring this place.
 F = Levels seen in this place.
 G = Mean time per level.
                   A        B        C        D        E       F      G
               +--------+--------+--------+--------+--------+-----+--------+
         Total |   7834 |   7651 |    183 |   2323 |   4282 |   7 | 1119.1 |
       Dungeon |   6888 |   6705 |    183 |   1635 |   4163 |   6 | 1148.0 |
         Sewer |    946 |    946 |      0 |    688 |    119 |   1 |  946.0 |
               +--------+--------+--------+--------+--------+-----+--------+

Top non-repeatable levels by time:
     D:2: 1646 daAuts
     D:5: 1552 daAuts
     D:4: 1099 daAuts
     D:6: 975 daAuts
   Sewer: 946 daAuts
     D:3: 828 daAuts
     D:1: 784 daAuts
